 Dungeon Crawl Stone Soup version 0.23.2-40-g277498a001 (webtiles) character file.

Game seed: 10659357842880091696

58 MalarOregon the Charmwright (level 4, 0/34 HPs)
             Began as a Merfolk Skald on Aug 15, 2019.
             Slain by a gnoll
             ... wielding a +0 flail
              (5 damage)
             ... on level 2 of the Dungeon.
             The game lasted 00:02:03 (1462 turns).

MalarOregon the Charmwright (Merfolk Skald)         Turns: 1462, Time: 00:02:03

Health: 0/34       AC:  3    Str: 12    XL:     4   Next: 2%
Magic:  7/7        EV:  7    Int: 12    God:
Gold:   22         SH:  0    Dex: 13    Spells: 6/7 levels left

rFire    . . .     SeeInvis .   i - +0 hunting sling
rCold    . . .     Gourm    .   (no shield)
rNeg     . . .     Faith    .   b - +0 leather armour
rPois    .         Spirit   .   (no helmet)
rElec    .         Reflect  .   (no cloak)
rCorr    .         Harm     .   (no gloves)
MR       .....                  (no boots)
Stlth    +.........             (no amulet)
HPRegen  0.11/turn              (no ring)
MPRegen  0.10/turn              (no ring)

@: held
A: change form in water, swift swim, stealthy swim
a: no special abilities


You were on level 2 of the Dungeon.
You were not hungry.

You visited 1 branch of the dungeon, and saw 2 of its levels.

You collected 22 gold pieces.

Inventory:

Hand Weapons
 a - a +0 falchion
 i - a +0 hunting sling (weapon)
   (You found it on level 1 of the Dungeon)
Missiles
 h - 60 stones
 j - 2 sling bullets (quivered)
Armour
 b - a +0 leather armour (worn)
Scrolls
 c - a scroll of random uselessness {unknown}
 d - 3 scrolls of identify {unknown}
 g - 3 scrolls of remove curse {unknown}
 m - 2 scrolls of magic mapping {unknown}
Potions
 f - 3 potions of agility {unknown}
 k - a potion of cancellation {unknown}
 l - a potion of brilliance {unknown}
 n - a potion of lignification {unknown}
Comestibles
 e - 9 rations {!d}
 o - 2 chunks of flesh


   Skills:
 * Level 2.8 Fighting
 * Level 2.8 Long Blades
 + Level 0.5 Throwing
 + Level 1.0 Armour
 * Level 3.4 Dodging
 + Level 2.2 Spellcasting
 + Level 3.5 Charms


You had 6 spell levels left.
You knew the following spells:

 Your Spells              Type           Power        Failure   Level  Hunger
a - Infusion              Chrm           #...         8%          1    ##.....

Your spell library contained the following spells:

 Spells                   Type           Power        Failure   Level  Hunger
 Song of Slaying          Chrm           #.......     12%         2    ###....
 Shroud of Golubria       Chrm/Tloc      #.........   26%         2    ###....
 Regeneration             Chrm/Necr      #.........   45%         3    ####...
 Spectral Weapon          Hex/Chrm       #.......     45%         3    ####...


Dungeon Overview and Level Annotations

Branches:
Dungeon (2/15)

Altars:
The Shining One


Message History

You shoot a sling bullet. The sling bullet hits the rat.
You kill the rat!
h - 60 stones (gained 8);
j - 7 sling bullets (gained 2)
j - 10 sling bullets (gained 3)
A gnoll comes into view. It is wielding a +0 flail.
Firing (i - inventory. (/) - cycle)
j - 10 sling bullets (quivered)
Aim: a gnoll, wielding a +0 flail (hasn't noticed you)
You shoot a sling bullet.
The sling bullet barely misses the gnoll.
Firing (i - inventory. (/) - cycle)
j - 9 sling bullets (quivered)
Aim: a gnoll, wielding a +0 flail You shoot a sling bullet.
The sling bullet hits the gnoll.
Firing (i - inventory. (/) - cycle)
j - 8 sling bullets (quivered)
Aim: a gnoll, wielding a +0 flail (moderately wounded)
You shoot a sling bullet.
The sling bullet hits the gnoll but does no damage.
A gnoll comes into view. It is wielding a +0 flail.
Firing (i - inventory. (/) - cycle)
j - 7 sling bullets (quivered)
Aim: a gnoll, wielding a +0 flail (moderately wounded)
You shoot a sling bullet. The gnoll shouts!
The sling bullet hits the gnoll but does no damage.
Firing (i - inventory. (/) - cycle)
j - 6 sling bullets (quivered)
Aim: a gnoll, wielding a +0 flail (moderately wounded)
You shoot a sling bullet. The sling bullet hits the gnoll.
Firing (i - inventory. (/) - cycle)
j - 5 sling bullets (quivered)
Aim: a gnoll, wielding a +0 flail (heavily wounded)
You shoot a sling bullet. The sling bullet hits the gnoll!
You kill the gnoll!
You have reached level 4!
A gnoll comes into view. It is wielding a +0 spear.
Firing (i - inventory. (/) - cycle)
j - 4 sling bullets (quivered)
Aim: a gnoll, wielding a +0 flail You shoot a sling bullet.
The sling bullet barely misses the gnoll.
Firing (i - inventory. (/) - cycle)
j - 3 sling bullets (quivered)
Aim: a gnoll, wielding a +0 flail You shoot a sling bullet.
The sling bullet barely misses the gnoll.
The gnoll throws a throwing net.
The throwing net hits you.
You become entangled in the net!
The gnoll hits you with a +0 flail!
* * * LOW HITPOINT WARNING * * *
Unknown command.
You struggle against the net.
The gnoll completely misses you.
You struggle against the net.
Unknown command.
You struggle against the net.
The gnoll hits you with a +0 flail!
* * * LOW HITPOINT WARNING * * *
You struggle against the net.
The gnoll hits you with a +0 flail.
You die...

## #.......## .#
......##.รท)..## ###.#
#######.......###....#
..............##.....##
#######.......#.......#
##..............# .
#####...............#
.>..................#
#####.......##@....#
##.....##..g....#
##...###.g.....# ##..#
#$...(..# ##.#
##(...(.# #.# ##...#.#
#.# #....(. .....(


You could see 2 gnolls.

Vanquished Creatures
  A gnoll (D:2)
  2 adders (D:2)
  A ball python (D:1)
  2 giant cockroaches (D:1)
  6 goblins
  A hobgoblin (D:1)
  6 jackals (D:1)
  3 bats
  2 frilled lizards
  A kobold (D:1)
  5 rats
30 creatures vanquished.

Notes
Turn   | Place    | Note
-------+----------+-------------------------------------------
     0 | D:1      | MalarOregon the Merfolk Skald began the quest for the Orb.
     0 | D:1      | Reached XP level 1. HP: 16/16 MP: 3/3
   233 | D:1      | Found a glowing golden altar of the Shining One.
   301 | D:1      | Reached XP level 2. HP: 23/23 MP: 5/5
   887 | D:1      | Reached XP level 3. HP: 28/28 MP: 6/6
  1406 | D:2      | Reached skill level 1 in Armour
  1456 | D:2      | Reached XP level 4. HP: 25/34 MP: 7/7
  1462 | D:2      | Slain by a gnoll

Skill      XL: |  1  2  3 |
---------------+----------+-----
Dodging        | 3 |  3.4
Armour         | 1 |  1.0
Fighting       | |  2.8
Long Blades    | |  2.8
Throwing       | |  0.5
Spellcasting   | |  2.2
Charms         | |  3.5

Action                   |  1- 3 |  4- 6 || total
-------------------------+-------+-------++-------
Melee: Falchion          |    65 |       ||    65
 Fire: Hunting sling     |    48 |     2 ||    50
 Stab: Sleeping          |     1 |       ||     1
  Eat: Chunk             |     2 |       ||     2
Armor: Leather armour    |    31 |       ||    31
Dodge: Dodged            |    89 |     1 ||    90
       Rpst.: Falchion   |    22 |       ||    22
